 Dungeon Crawl Stone Soup version 0.27.0-1-g7a089689b8 (webtiles) character file.

Game seed: 11649604182501004764

387 Amplified the Shield-Bearer (level 6, 0/52 HPs)
             Began as a Minotaur Warper on Aug 8, 2021.
             Shot with an arrow by a centaur (11 damage)
             ... on level 4 of the Dungeon.
             The game lasted 00:04:54 (3933 turns).

Amplified the Shield-Bearer (Minotaur Warper)       Turns: 3933, Time: 00:04:54

Health: 0/52       AC:  9    Str: 18    XL:     6   Next: 49%
Magic:  7/7        EV:  5    Int: 10    God:
Gold:   236        SH:  9    Dex:  9    Spells: 7/7 levels left

rFire    + . .     SeeInvis .   k - +1 long sword (flame)
rCold    + . .     Faith    .   g - +0 kite shield
rNeg     . . .     Spirit   .   b - +0 chain mail
rPois    +         Reflect  .   (helmet restricted)
rElec    +         Harm     .   (no cloak)
rCorr    +         Rampage  .   (no gloves)
Will     +....                  l - +0 pair of boots
Stlth    ..........             (no amulet)
HPRegen  0.17/turn              j - ring of willpower
MPRegen  0.10/turn              (no ring)

@: resistant
A: horns 2, retaliatory headbutt, wild magic 1
a: no special abilities


You were on level 4 of the Dungeon.
You visited 1 branch of the dungeon, and saw 5 of its levels.

You collected 236 gold pieces.

Inventory:

Hand Weapons
 a - a +0 hand axe
 e - a +1 antimagic falchion
 k - a +1 long sword of flaming (weapon)
Armour
 b - a +0 chain mail (worn)
 g - a +0 kite shield (worn)
 l - a +0 pair of boots (worn)
Jewellery
 j - a ring of willpower (left hand)
Scrolls
 c - 2 scrolls of identify
 i - a scroll of torment
 m - a scroll of immolation
Potions
 f - a potion of degeneration


   Skills:
 + Level 4.2 Fighting
 * Level 4.1 Long Blades
 - Level 3.5 Axes
 - Level 1.0 Throwing
 - Level 1.3 Armour
 - Level 2.3 Dodging
 * Level 4.7 Shields
 - Level 1.3 Spellcasting
 - Level 2.1 Translocations


You had 7 spell levels left.
You didn't know any spells.
Your spell library contained the following spells:

 Spells                   Type           Power      Damage    Failure   Level
 Animate Skeleton         Necr           0%         N/A       100%        1
 Pain                     Necr           0%         1d4       100%        1
 Blink                    Tloc           N/A        N/A       100%        2
 Gell's Gravitas          Tloc           3%         N/A       100%        3
 Lesser Beckoning         Tloc           3%         N/A       100%        3
 Teleport Other           Tloc           6%         N/A       100%        3
 Vampiric Draining        Necr           0%         2d6       100%        3
 Manifold Assault         Tloc           6%         N/A       100%        5


Dungeon Overview and Level Annotations

Branches:
Dungeon (5/15)
 Temple: D:4-7

Altars:
Qazlal

Shops:
D:2 [

Annotations:
D:4 Robin


Innate Abilities, Weirdness & Mutations

You have a pair of horns on your head.
You reflexively headbutt those who attack you in melee.
Your spells are a little harder to cast, but a little more powerful.


Message History

The sentinel's mark upon you fades away.
You feel sick.
You feel sick.
You are no longer poisoned.
You see here an adder corpse.
There is a stone staircase leading up here.
You climb upwards.
Level annotation: Robin The centaur shoots an arrow.
The arrow hits you!
There is a stone staircase leading down, spattered with blood here.
Unknown command.
Unknown command.
Okay, then.
You aren't carrying any items that you can evoke.
Unknown command.
Throw: 2 boomerangs (disperse)
Press: ? - help, Q - select action Shift-Dir - straight line, f - centaur
Aim: a centaur, wielding a +0 shortbow and quivering arrows (68% to hit)
You throw a boomerang of dispersal.
The boomerang of dispersal closely misses the centaur.
The centaur shoots an arrow.
The arrow hits you.
* * * LOW HITPOINT WARNING * * *
The centaur shoots an arrow.
The arrow hits you.
* * * LOW HITPOINT WARNING * * *
The centaur shoots an arrow.
The arrow barely misses you.
Unknown command.
Unknown command.
Unknown command.
Okay, then.
Okay, then.
Okay, then.
You aren't carrying any items that you can evoke.
Unknown command.
Throw: boomerang (disperse)
Press: ? - help, Q - select action Shift-Dir - straight line, f/p - centaur
Aim: a centaur, wielding a +0 shortbow and quivering arrows (68% to hit)
You throw a boomerang of dispersal.
The boomerang of dispersal barely misses the centaur.
The centaur shoots an arrow.
The arrow hits you!
You die...

## ##########.
#.####..@......$ #
##.#.#.........#.. #.
##.###..#.......... ..
....##.......#.#.. #.###
#.#.#......#>.....
#...###...c#...#..###+##
...# ..........)#.#.####
...# ###.....))......
...# ....####)#.##....
...


You could see a centaur.

Vanquished Creatures
  A kobold brigand (D:4)
  A scorpion (D:5)
  Terence (D:3)
  2 iguanas
  A hound skeleton (D:4)
  8 adders
  2 gnolls (D:4)
  An adder skeleton (D:4)
  A worm (D:2)
  2 dart slugs
  3 orcs (D:5)
  4 ball pythons
  3 endoplasms
  6 giant cockroaches
  4 goblins
  9 hobgoblins
  4 jackals (D:2)
  2 quokkas (D:2)
  10 bats
  4 frilled lizards
  6 kobolds
  7 rats
82 creatures vanquished.

Vanquished Creatures (others)
  A gnoll (D:4)
  An endoplasm (D:4)
  2 goblins (D:4)
4 creatures vanquished.

Grand Total: 86 creatures vanquished

Notes
Turn   | Place    | Note
-------+----------+-------------------------------------------
     0 | D:1      | Amplified the Minotaur Warper began the quest for the Orb.
     0 | D:1      | Reached XP level 1. HP: 18/18 MP: 1/1
   274 | D:1      | Reached XP level 2. HP: 25/25 MP: 3/3
   518 | D:1      | Reached skill level 1 in Shields
   895 | D:2      | Reached XP level 3. HP: 28/31 MP: 4/4
  1192 | D:2      | Found a stormy altar of Qazlal.
  1382 | D:2      | Gained mutation: Your spells are a little harder to cast,
                  | but a little more powerful. [potion of mutation]
  1385 | D:2      | Reached skill level 1 in Long Blades
  1385 | D:2      | Reached XP level 4. HP: 12/38 MP: 5/5
  1801 | D:2      | Found Noshruukk's Antique Armour Emporium.
  2465 | D:3      | Noticed Terence
  2569 | D:4      | Noticed a kobold brigand
  2577 | D:4      | Killed a kobold brigand
  2578 | D:4      | Reached XP level 5. HP: 29/45 MP: 6/6
  2740 | D:4      | Noticed a black bear
  3186 | D:3      | Killed Terence
  3341 | D:4      | Noticed a centaur
  3381 | D:4      | Noticed Robin
  3383 | D:5      | Entered Level 5 of the Dungeon
  3684 | D:5      | Reached XP level 6. HP: 44/52 MP: 7/7
  3933 | D:4      | Shot with an arrow by a centaur

Illustrated notes

Levels and vault maps discovered:
D:1:      lemuel_arrival_river_bridge, layout_loops_ring
D:2:      layout_basic, serial_shops, nicolae_shop_window_shopping, basic_altar,
          minmay_pentomino_v2
D:3:      layout_basic, uniq_terence
D:4:      layout_loops_ring, nicolae_hepliaklqana_monster_ancestors, uniq_robin
D:5:      layout_loops_ring

Skill      XL: |  1  2  3  4  5  6 |
---------------+-------------------+-----
Shields        | 1 2 3 4 |  4.7
Axes           | 3 |  3.5
Fighting       | 3 4 |  4.2
Long Blades    | 1 2 3 4 |  4.1
Throwing       | |  1.0
Armour         | |  1.3
Dodging        | |  2.3
Spellcasting   | |  1.3
Translocations | |  2.1

Action                   |  1- 3 |  4- 6 || total
-------------------------+-------+-------++-------
Melee: Hand axe          |    77 |       ||    77
       Headbutt          |     8 |    15 ||    23
       Long sword        |    33 |   103 ||   136
Throw: Boomerang         |       |     5 ||     5
  Use: Scroll            |     2 |     7 ||     9
       Potion            |     3 |     5 ||     8
Armor: Ring mail         |    14 |       ||    14
       Chain mail        |    54 |    70 ||   124
Dodge: Dodged            |    39 |    22 ||    61
Block: Kite shield       |    51 |    58 ||   109
       Rpst.: Long sword |     3 |     5 ||     8
